 Dungeon Crawl Stone Soup version 0.32-a0-42-ga30500b4d3 (webtiles) character file.

Game seed: 2360567331080702735

1456 CougarLife the Cleaver (level 8, -1/74 HPs)
             Began as a Hill Orc Fighter on Feb 2, 2024.
             Was a Believer of Beogh.
             Slain by a gnoll
             ... wielding a +0 halberd
             ... led by a gnoll sergeant
              (9 damage)
             ... on level 6 of the Dungeon.
             The game lasted 00:07:29 (3499 turns).

CougarLife the Cleaver (Hill Orc Fighter)           Turns: 3499, Time: 00:07:29

Health: -1/74      AC: 12    Str: 21    XL:     8   Next: 76%
Magic:  8/8        EV: 14    Int:  8    God:    Beogh [**....]
Gold:   279        SH:  4    Dex: 10    Spells: 7/7 levels left

rFire   . . .        a - +0 war axe
rCold   . . .        c - +0 buckler
rNeg    . . .        b - +0 scale mail
rPois   .            (no helmet)
rElec   .            l - +0 cloak
rCorr   .            (no gloves)
SInv    .            (no boots)
Will    .....        (no amulet) Stlth
                     j - +4 ring of protection
HPRegen 0.32/turn    q - +5 ring of evasion
MPRegen 0.11/turn

%: no passive effects
@: lethally poisoned (-1 -> -20)
A: no striking features
a: Renounce Religion, Smiting


You were on level 6 of the Dungeon.
You worshipped Beogh.
Beogh was pleased with you.
You visited 1 branch of the dungeon, and saw 6 of its levels.
You also visited: Ossuary.

You collected 279 gold pieces.

Inventory:

Hand Weapons
 a - a +0 war axe (weapon)
Missiles
 h - 5 javelins (quivered)
 r - 5 poisoned darts
Armour
 b - a +0 scale mail (worn)
 c - a +0 buckler (worn)
 l - a +0 cloak (worn)
Jewellery
 j - a +4 ring of protection (left hand)
 q - a +5 ring of evasion (right hand)
Wands
 u - a wand of roots (7)
 w - a wand of quicksilver (2)
 H - a wand of paralysis (9)
 J - a wand of flame (29)
Scrolls
 e - 5 scrolls of identify
 i - a scroll of silence {unknown}
 m - 2 scrolls of vulnerability {unknown}
 p - a scroll of immolation {unknown}
 s - a scroll of summoning {unknown}
 t - 3 scrolls of teleportation {unknown}
 v - a scroll of poison
 y - a scroll of blinking {unknown}
 A - 4 scrolls of noise
 B - a scroll of amnesia {unknown}
 C - 2 scrolls of fear {unknown}
 I - a scroll of revelation {unknown}
Potions
 d - a potion of might
 f - 2 potions of lignification {unknown}
 g - a potion of enlightenment {unknown}
 k - a potion of magic {unknown}
 n - 5 potions of mutation
 o - 3 potions of resistance
 x - a potion of cancellation {unknown}
 z - a potion of berserk rage {unknown}
 D - 2 potions of attraction {unknown}
 E - a potion of heal wounds {unknown}
 F - 2 potions of curing {unknown}
 G - a potion of haste {unknown}


   Skills:
 + Level 8.2 Fighting
 * Level 11.4 Axes
 - Level 3.2 Armour
 - Level 3.2 Shields


You had 7 spell levels left.
You didn't know any spells.
Your spell library contained the following spells:

 Spells                   Type           Power      Damage    Failure   Level
 Sting                    Conj/Alch      0%         1d3       82%         1
 Mercury Vapours          Alch/Air       0%         N/A       91%         2
 Mephitic Cloud           Conj/Alch/Air  0%         N/A       99%         3
 Olgreb's Toxic Radiance  Alch           0%         N/A       100%        4
 Freezing Cloud           Conj/Ice/Air   0%         6-21      100%        5


Dungeon Overview and Level Annotations

Branches:
Dungeon (6/15)            Ossuary (visited)
 Temple: D:4-7

Altars:
Dithmenos
Elyvilon
Hepliaklqana


Message History

You are poisoned.
You feel sick. You block the gnoll's attack.
The gnoll attacks as it pursues you! The gnoll hits you but does no damage.
The gnoll sergeant hits you with a +5 trident of venom.
You are more poisoned.
The gnoll misses you.
The gnoll hits you from afar with a +0 halberd.
You hit the gnoll sergeant.
The gnoll sergeant is lightly wounded.
You hit the gnoll. x2
You kill the gnoll!
Beogh accepts your kill.
You feel very sick. The gnoll barely misses you.
The gnoll sergeant hits you but does no damage.
You are more poisoned.
You hit the gnoll sergeant but do no damage.
The gnoll sergeant is lightly wounded.
You hit the gnoll.
You feel very sick. The gnoll barely misses you. You block the gnoll's attack.
The gnoll completely misses you.
The gnoll sergeant hits you with a +5 trident of venom!
* * * LOW HITPOINT WARNING * * *
You are lethally poisoned!
The air fills with toxic fumes!
As you read the scroll of poison, it crumbles to dust.
* * * LOW HITPOINT WARNING * * *
You feel extremely sick. The gnoll hits you but does no damage.
You block the gnoll's attack. The gnoll barely misses you.
You block the gnoll sergeant's attack.
Okay, then.
As you read the scroll labelled XAPRUA ASUPS, it crumbles to dust.
It is a scroll of identify.
o - 3 potions of resistance
* * * LOW HITPOINT WARNING * * *
You feel very sick. The gnoll closely misses you.
The gnoll hits you from afar with a +0 halberd!
You die...

...............##
.....§§§§§§§§.##
.....#§§§§§§.##
....#§§§§§###
.....§§§§§..###
.....#§§§.....#
.... #§§.....## ...
#§#..#.## ..
##@#.#### #..
#gg##.## +..
##gg#..##
#..####g§#...#
#..#.##§§§...#
##+###....#§§§#§.##
........g..§§§####
...........§§##
.......#.....#


You could see a gnoll sergeant and 4 gnolls.

Vanquished Creatures
  Grinder (D:3)
  A black bear (D:4)
  An ice beast (D:5)
  A centaur (D:3)
  Blork the orc (D:5)
  A weeping skull (Ossuary)
  An elf zombie (Ossuary)
  2 scorpions (D:5)
  A burial acolyte (Ossuary)
  A bombardier beetle (D:5)
  A gnoll bouda (D:5)
  2 orc priests
  A sleepcap (D:5)
  A hound (D:5)
  A jelly (D:4)
  Crazy Yiuf (D:5)
  2 iguanas (D:5)
  An orc wizard (D:4)
  5 mummies
  11 gnolls
  5 adders
  2 ufetubi (D:6)
  A dart slug (D:1)
  2 ribbon worms
  10 orcs
  5 bats
  5 endoplasms
  4 giant cockroaches (D:1)
  2 gnoll zombies (Ossuary)
  7 hobgoblins
  4 kobolds
  2 quokkas
  6 ball pythons
  3 frilled lizards
  A goblin (D:3)
  A goblin zombie (D:5)
  3 kobold zombies
  3 orc zombies (Ossuary)
  4 rats
107 creatures vanquished.

Vanquished Creatures (others)
  A quokka (D:4)
1 creature vanquished.

Grand Total: 108 creatures vanquished

Notes
Turn   | Place    | Note
-------+----------+-------------------------------------------
     0 | D:1      | CougarLife the Hill Orc Fighter began the quest for the
                  | Orb.
     0 | D:1      | Reached XP level 1. HP: 19/19 MP: 1/1
    48 | D:1      | Reached skill level 3 in Axes
    64 | D:1      | Reached XP level 2. HP: 26/27 MP: 2/2
   453 | D:2      | Reached skill level 4 in Axes
   453 | D:2      | Reached XP level 3. HP: 25/33 MP: 3/3
   687 | D:2      | Became a worshipper of Beogh the Brigand
   856 | D:2      | Found a faded altar of an unknown god.
   886 | D:2      | Found a shadowy altar of Dithmenos.
  1175 | D:3      | Noticed a centaur
  1192 | D:3      | Killed a centaur
  1193 | D:3      | Reached skill level 5 in Axes
  1193 | D:3      | Reached XP level 4. HP: 26/41 MP: 4/4
  1193 | D:3      | Reached XP level 5. HP: 30/47 MP: 5/5
  1259 | D:3      | Found a hazy altar of Hepliaklqana.
  1312 | D:3      | Reached skill level 5 in Fighting
  1312 | D:3      | Reached skill level 6 in Axes
  1504 | D:3      | Noticed Grinder
  1522 | D:3      | Killed Grinder
  1523 | D:3      | Reached skill level 7 in Axes
  1523 | D:3      | Reached XP level 6. HP: 51/57 MP: 6/6
  1788 | D:4      | Reached * piety under Beogh
  1845 | D:4      | Found a white marble altar of Elyvilon.
  1999 | D:4      | Reached skill level 8 in Axes
  1999 | D:4      | Reached XP level 7. HP: 61/63 MP: 7/7
  2039 | D:4      | Identified the +0 leather armour of the Wary Singing Orbs
                  | {Str+7}
  2290 | D:5      | Entered Level 5 of the Dungeon
  2350 | D:5      | Reached skill level 9 in Axes
  2399 | D:5      | Found a sand-covered staircase.
  2410 | Ossuary  | Entered an ossuary
  2470 | Ossuary  | Reached ** piety under Beogh
  2471 | Ossuary  | Reached XP level 8. HP: 73/73 MP: 8/8
  2546 | Ossuary  | Reached skill level 10 in Axes
  2667 | D:5      | Paralysed by a gnoll for 3 turns
  2882 | D:5      | Noticed Blork the orc
  2895 | D:5      | Killed Blork the orc
  3171 | D:5      | Reached skill level 11 in Axes
  3318 | D:5      | Found a runed translucent door.
  3319 | D:5      | Noticed Crazy Yiuf
  3326 | D:5      | Killed Crazy Yiuf
  3499 | D:6      | Slain by a gnoll

Illustrated notes

Levels and vault maps discovered:
D:1:      lightli_arrival_windingriver, layout_rooms
D:2:      cheibrodos_pilgrimage, layout_loops_cross, basic_altar,
          nicolae_ecumenical_snake_handling, minmay_misc_feat_columns
D:3:      layout_basic, mainiacjoe_overflow_chevrons, uniq_grinder
D:4:      layout_gridville, elyvilon_altar_4
D:5:      layout_basic, nicolae_ossuary_entry_giza, uniq_crazy_yiuf_cottage,
          uniq_blork_the_orc
D:6:      layout_cave_pools, minmay_temple_entry_glassed_door

Skill      XL: |  1  2  3  4  5  6  7  8 |
---------------+-------------------------+-----
Axes           | 3 4 5 7 8 9 11 | 11.4
Fighting       | 4 5 6 7 8 |  8.2
Armour         | |  3.2
Shields        | |  3.2

Action                     |  1- 3 |  4- 6 |  7- 9 || total
---------------------------+-------+-------+-------++-------
  Melee: War axe           |   106 |    80 |   182 ||   368
 Invoke: Convert to Beogh  |     1 |       |       ||     1
    Use: Scroll            |       |       |     2 ||     2
 Armour: Scale mail        |    90 |    45 |   100 ||   235
  Dodge: Dodged            |    62 |    37 |   107 ||   206
  Block: Buckler           |    43 |    10 |    44 ||    97

Table legend: (Time is in decaauts)
 A = Elapsed time spent in this place.
 B = Non-inter-level travel time spent in this place.
 C = Inter-level travel time spent in this place.
 D = Time resting spent in this place.
 E = Time spent auto-exploring this place.
 F = Levels seen in this place.
 G = Mean time per level.
                   A        B        C        D        E       F      G
               +--------+--------+--------+--------+--------+-----+--------+
         Total |   3558 |   3483 |     75 |    141 |   2291 |   7 |  508.3 |
       Dungeon |   3322 |   3247 |     75 |    141 |   2281 |   6 |  553.7 |
       Ossuary |    236 |    236 |      0 |      0 |     10 |   1 |  236.0 |
               +--------+--------+--------+--------+--------+-----+--------+

Top non-repeatable levels by time:
     D:5: 844 daAuts
     D:2: 744 daAuts
     D:3: 625 daAuts
     D:4: 515 daAuts
     D:1: 458 daAuts
 Ossuary: 236 daAuts
     D:6: 133 daAuts
